 Dungeon Crawl Stone Soup version 0.21.0-30-g47ce8e4 (webtiles) character file.

55 seren the Magician (level 3, -5/26 HPs)
             Began as a Mummy Wizard on Jan 28, 2018.
             Slain by a kobold
             ... wielding a +0 dagger of electrocution
              (19 damage)
             ... on level 3 of the Dungeon.
             The game lasted 00:04:32 (2190 turns).

seren the Magician (Mummy Wizard)                   Turns: 2190, Time: 00:04:34

Health: -5/26      AC:  5    Str: 10    XL:     3   Next: 67%
Magic:  1/9        EV: 12    Int: 18    God:
Gold:   119        SH:  0    Dex: 10    Spells: 8/11 levels left

rFire    x . .     SeeInvis .   f - +0 club
rCold    + . .     Gourm    .   (no shield)
rNeg     + + +     Faith    .   a - +0 robe
rPois    ∞         Spirit   .   b - +0 hat
rElec    .         Reflect  .   (no cloak)
rCorr    .         Harm     .   l - +1 pair of gloves
MR       .....                  e - +0 pair of boots
Stlth    ++........             (no amulet)
HPRegen  0.08/turn              (no ring)
MPRegen  0.11/turn              (no ring)

@: very slightly contaminated
A: no food or potions, fire vulnerability, cold resistance 1, negative energy
resistance 3, torment resistance, unbreathing
a: no special abilities


You were on level 3 of the Dungeon.
You were not hungry.

You visited 1 branch of the dungeon, and saw 3 of its levels.

You collected 119 gold pieces.

Inventory:

Hand Weapons
 f - a +0 club (weapon)
 j - a +0 dagger
Missiles
 h - 56 stones (quivered)
 i - 22 sling bullets
Armour
 a - a +0 robe (worn)
 b - a +0 hat (worn)
 e - a +0 pair of boots (worn)
 l - a +1 pair of gloves (worn)
Scrolls
 d - 5 scrolls of remove curse
 g - a scroll of immolation {unknown}
 k - a scroll of teleportation {unknown}
 m - a scroll of enchant weapon {unknown}
Books
 c - a book of Minor Magic

   Spells                             Type                      Level
   a - Magic Dart                     Conjuration                  1
   b - Blink                          Translocation                2
   c - Call Imp                       Summoning                    2
   d - Slow                           Hexes                        2
   e - Conjure Flame                  Conjuration/Fire             3
   f - Mephitic Cloud                 Conjuration/Poison/Air       3


   Skills:
 + Level 1.4 Fighting
 - Level 1.5 Dodging
 + Level 2.2 Stealth
 + Level 4.5 Spellcasting
 + Level 1.5 Conjurations
   Level 0.7 Summonings
 - Level 0.7 Translocations


You had 8 spell levels left.
You knew the following spells:

 Your Spells              Type           Power        Failure   Level  Hunger
a - Magic Dart            Conj           #...         8%          1    N/A
b - Blink                 Tloc           N/A          16%         2    N/A

Dungeon Overview and Level Annotations

Branches:
Dungeon (2/15)

Altars:
Ru
Yredelemnul


Innate Abilities, Weirdness & Mutations

You do not eat or drink.
Your flesh is vulnerable to fire.
You are immune to poison.
Your flesh is cold resistant. (rC+)
You are immune to negative energy. (rN+++)
You are immune to unholy pain and torment.
You can survive without breathing.


Message History

Casting: Magic Dart
Confirm with . or Enter, or press ? or * to list all spells.
Aiming: Magic Dart
Press: ? - help, Shift-Dir - straight line, f/p - kobold
Aim: a kobold, wielding a dagger of electrocution The magic dart hits the kobold.
The kobold is heavily wounded.
You closely miss the kobold.
The kobold is heavily wounded.
The kobold closely misses you.
You hit the kobold.
The kobold is severely wounded.
The kobold hits you but does no damage.
You closely miss the kobold.
The kobold is severely wounded.
The kobold hits you but does no damage.
You are electrocuted!
* * * LOW HITPOINT WARNING * * *
The kobold hits you but does no damage.
You are electrocuted!
Ouch! That really hurt!
You die...

.# .# g# .# ####
.# ... .##
#.####.####..#
........@...)#
.......K###..#
...###..# ..#
..[.. ..#
?....... ...
..........S....
......?.........
.......##.##.....
.##.##. .. .>


You could see a kobold.

Vanquished Creatures
  3 adders
  A dart slug (D:2)
  A leopard gecko (D:1)
  4 bats
  2 goblins
  A hobgoblin (D:2)
  2 jackals (D:1)
  4 kobolds (D:1)
  A quokka (D:2)
  A ball python (D:1)
  2 frilled lizards (D:1)
  3 rats
25 creatures vanquished.

Notes
Turn   | Place    | Note
-------+----------+-------------------------------------------
     0 | D:1      | seren the Mummy Wizard began the quest for the Orb.
     0 | D:1      | Reached XP level 1. HP: 13/13 MP: 5/5
   235 | D:1      | Reached skill level 1 in Conjurations
   334 | D:1      | Reached XP level 2. HP: 9/20 MP: 7/7
  1231 | D:1      | Learned a level 2 spell: Blink
  1315 | D:2      | Found a sacrificial altar of Ru.
  1370 | D:2      | Reached skill level 1 in Fighting
  1702 | D:2      | Reached XP level 3. HP: 24/26 MP: 8/8
  1930 | D:2      | Found a basalt altar of Yredelemnul.
  2169 | D:2      | You fall through a shaft!
  2190 | D:3      | Slain by a kobold

Skill      XL: |  1  2 |
---------------+-------+-----
Conjurations   | 1 |  1.5
Fighting       | 1 |  1.4
Stealth        | 2 |  2.2
Dodging        | |  1.5
Spellcasting   | |  4.5
Summonings     | |  0.7
Translocations | |  0.7

Action                   || total
-------------------------++-------
Melee: Club              ||    82
 Cast: Magic Dart        ||    32
  Use: Scroll            ||     1
 Stab: Sleeping          ||     2
Armor: Robe              ||    45
Dodge: Dodged            ||    92
